 Dungeon Sprint DCSS version 0.24.1-14-gf8d2b509d9 (webtiles) character file.

Game seed: 12383181062481010621, levelgen mode: deterministic

98 Zeld the Changer (level 4, -1/52 HPs)
             Began as an Octopode Transmuter on May 10, 2021.
             Slain by a worker ant (4 damage)
             ... in the Dungeon (Sprint IX: "|||||||||||||||||||||||||||||").
             The game lasted 00:00:24 (50 turns).

Zeld the Changer (Octopode Transmuter)                Turns: 50, Time: 00:00:25

Health: -1/52      AC:  1    Str: 15    XL:     4   Next: 71%
Magic:  6/10       EV: 13    Int: 15    God:
Gold:   0          SH:  0    Dex: 12    Spells: 10/11 levels left

rFire    . . .     SeeInvis .     - Unarmed
rCold    . . .     Gourm    .   (no shield)
rNeg     . . .     Faith    .   (helmet restricted)
rPois    .         Spirit   .   (no amulet)
rElec    .         Reflect  .   (no ring)
rCorr    .         Harm     .   (no ring)
MR       .....     NoTele   +   (no ring)
Stlth    ..........             (no ring)
HPRegen  0.17/turn              (no ring)
MPRegen  0.12/turn              (no ring)
                                (no ring)
                                (no ring)

@: berserking (expiring), appendage, very quick
A: almost no armour, stealthy swim, amphibious, 8 rings, constrict 8, tentacle
spike 3, camouflage 1, gelatinous body 1
a: End Transformation


You were in the Dungeon.
You were not hungry.
One of your tentacles had a temporary spike.
You visited 1 branch

Inventory:

Missiles
 a - 12 arrows
Scrolls
 i - a scroll of blinking
Potions
 d - a potion of curing
 e - a potion of heal wounds
 f - a potion of haste
 g - 2 potions of magic
Comestibles
 c - a ration


   Skills:
 * Level 5.6 Fighting
 - Level 2.0 Dodging
 - Level 3.0 Unarmed Combat
 + Level 4.0 Spellcasting
 * Level 5.9 Transmutations


You had 10 spell levels left.
You knew the following spells:

 Your Spells              Type           Power        Failure   Level  Hunger
a - Beastly Appendage     Tmut           ###...       1%          1    None

Your spell library contained the following spells:

 Spells                   Type           Power        Failure   Level  Hunger
 Sticks to Snakes         Tmut           ###.....     2%          2    ##.....
 Spider Form              Tmut/Pois      ##........   16%         3    ###....
 Blade Hands              Tmut           ###.......   41%         5    ######.
 Ice Form                 Ice/Tmut       ##......     47%         4    ####...


Dungeon Overview and Level Annotations

Branches:
Dungeon (1/1)

Altars:


Innate Abilities, Weirdness & Mutations

You cannot wear most types of armour.
You are very stealthy in the water. (Stealth+)
You are amphibious.
You can wear up to eight rings at the same time.
You can use your tentacles to constrict eight enemies at once.
Your skin changes colour to match your surroundings (Stealth+).
Your rubbery body absorbs attacks. (AC +1, EV +1)
One of your tentacles bears a large vicious spike.


Message History

You tentacle-slap the centaur.
You kill the centaur!
Your Fighting skill gained 2 levels and is now at level 5!
Your Spellcasting skill gained 2 levels and is now at level 4!
Your Transmutations skill gained 2 levels and is now at level 5!
You have reached level 3!
Your experience leads to an increase in your attributes!
Your base attributes are Str 9, Int 15, Dex 12.
Increase (S)trength, (I)ntelligence, or (D)exterity?
You feel stronger.
You have reached level 4!
The bat skeleton hits you but does no damage.
The worker ant waves its antennae.
The bat skeleton hits you.
* * * LOW HITPOINT WARNING * * *
There's a creature in the doorway!
You bludgeon the bat skeleton!
You destroy the bat skeleton!
The worker ant bites you.
You die...

▓+▓
▓.▓
▓.▓
▓.▓
▓s▓
▓a▓
▓@▓
▓.▓
▓.▓
▓.▓
▓†▓
▓.▓
▓(▓
▓.▓
▓.▓


You could see a scorpion and a worker ant.

Vanquished Creatures
  A centaur (D)
  A gnoll (D)
  A dart slug (D)
  A bat skeleton (D)
  A goblin (D)
  A hobgoblin (D)
  A frilled lizard (D)
  A rat (D)
8 creatures vanquished.

Notes
Turn   | Place    | Note
-------+----------+-------------------------------------------
     0 | D        | Zeld the Octopode Transmuter began the quest for the Orb.
     0 | D        | Reached XP level 1. HP: 13/13 MP: 3/3
    15 | D        | Reached XP level 2. HP: 19/20 MP: 3/5
    35 | D        | Noticed a scorpion
    35 | D        | Noticed a centaur
    47 | D        | Killed a centaur
    47 | D        | Reached skill level 5 in Fighting
    47 | D        | Reached skill level 5 in Transmutations
    47 | D        | Reached XP level 3. HP: 3/29 MP: 4/8
    47 | D        | Reached XP level 4. HP: 3/35 MP: 5/10
    50 | D        | Slain by a worker ant

Levels and vault maps discovered:
D:        linesprint [early_d, line_temple, items_1, d_10, items_2, lair_1,
          lair_end, items_3, orc_1, orc_end, items_4, d_15, swamp_1, shoals_1,
          snake_1, spider_1, d_20, vaults_1, items_5, swamp_end, shoals_end,
          snake_end, spider_end, vaults_end, d_27, items_6, zot_1, zot_end,
          crypt_end, forest_end, elf_end, slime_end, tomb_end, abyss_end,
          pan_hell_end]

Skill      XL: |  1  2 |
---------------+-------+-----
Fighting       | 2 5 |  5.6
Transmutations | 3 5 |  5.9
Spellcasting   | 4 |  4.0
Dodging        | |  2.0
Unarmed Combat | |  3.0

Action                   |  1- 3 |  4- 6 || total
-------------------------+-------+-------++-------
Melee: Unarmed           |    18 |     1 ||    19
       Constrict         |     5 |       ||     5
       Kick              |     4 |       ||     4
       Tentacles         |     5 |       ||     5
 Cast: Beastly Appendage |     2 |       ||     2
  Use: Potion            |     1 |       ||     1
Armor: Skin              |       |     1 ||     1
Dodge: Dodged            |    10 |       ||    10
